 Dungeon Crawl Stone Soup version 0.20-a0-1008-g0de3dc5 (webtiles) character file.

730 inmateoo the Ruffian (level 7, -4/57 HPs)
             Began as a Grey Draconian Transmuter on Apr 14, 2017.
             Was an Elder of Cheibriados.
             Slain by an ogre
             ... wielding a cursed +0 giant club
              (23 damage)
             ... on level 5 of the Dungeon.
             The game lasted 00:07:14 (4839 turns).

inmateoo the Ruffian (Grey Draconian Transmuter)    Turns: 4839, Time: 00:07:15

Health: -4/57      AC: 14    Str: 24    XL:     7   Next: 44%
Magic:  11/12      EV: 14    Int: 22    God:    Cheibriados [****..]
Gold:   296        SH:  0    Dex: 20    Spells: 2/13 levels left

rFire    . . .     SeeInvis .     - Unarmed
rCold    . . .     Gourm    .   (no shield)
rNeg     . . .     Faith    .   (armour unavailable)
rPois    .         Spirit   .   (helmet restricted)
rElec    .         Reflect  .   v - +1 cloak
rCorr    .         Harm     .   o - +0 pair of gloves
MR       .....                  (no boots)
Stlth    +.........             (no amulet)
Regen    0.2/turn               n - ring of flight
MPRegen  0.2/turn               (no ring)

@: confused, very slow
A: walk through water, unfitting armour, unbreathing, cold-blooded, AC +11
a: Bend Time, Temporal Distortion, Slouch, Renounce Religion, Evoke Flight


You were on level 5 of the Dungeon.
You worshipped Cheibriados.
Cheibriados was greatly pleased with you.
You were not hungry.

You visited 1 branch of the dungeon, and saw 5 of its levels.

You collected 296 gold pieces.

Inventory:

Hand Weapons
 m - a +2 whip of electrocution
Missiles
 a - 102 arrows
Armour
 o - a +0 pair of gloves (worn)
 v - a +1 cloak (worn)
Jewellery
 n - a ring of flight (left hand)
Wands
 r - a wand of iceblast (2/15)
 w - a wand of polymorph (8/24)
Scrolls
 h - a scroll of fear {unknown}
 i - a scroll of remove curse
 j - 8 scrolls of identify
 k - 2 scrolls of teleportation
 p - a scroll of magic mapping {unknown}
 s - a scroll of recharging {unknown}
 y - a scroll of brand weapon {unknown}
 z - a scroll of amnesia {unknown}
Potions
 g - 3 potions of agility
 q - a potion of degeneration {unknown}
 u - a potion of curing {unknown}
 x - a potion of lignification {unknown}
 A - 2 potions of magic {unknown}
 B - a potion of berserk rage {unknown}
Books
 b - a book of Changes

   Spells                             Type                      Level
   a - Beastly Appendage              Transmutation                1
   b - Sticks to Snakes               Transmutation                2
   c - Spider Form                    Transmutation/Poison         3
   d - Ice Form                       Ice/Transmutation            4
   e - Blade Hands                    Transmutation                5
 t - a book of Maledictions

   Spells                             Type                      Level
   a - Corona                         Hexes                        1
   b - Ensorcelled Hibernation        Hexes/Ice                    2
   c - Confuse                        Hexes                        3
   d - Tukima's Dance                 Hexes                        3
   e - Dazzling Spray                 Conjuration/Hexes            3
Comestibles
 c - 5 bread rations
 d - 2 royal jellies
 f - 2 fruits
 l - 2 meat rations
 C - 6 chunks of flesh


   Skills:
 + Level 3.5 Fighting
 + Level 3.6 Dodging
 * Level 5.3 Unarmed Combat
 + Level 3.5 Spellcasting
 + Level 4.0 Transmutations


You had 2 spell levels left.
You knew the following spells:

 Your Spells              Type           Power        Failure   Level  Hunger
a - Beastly Appendage     Tmut           ###...       2%          1    None
b - Sticks to Snakes      Tmut           ###.....     4%          2    ##.....
c - Spider Form           Tmut/Pois      ##........   17%         3    ###....
d - Corona                Hex            #......      14%         1    None
e - Ice Form              Ice/Tmut       ##......     63%         4    ####...


Dungeon Overview and Level Annotations

Branches:
Dungeon (5/15)
 Temple: D:4-7

Altars:
Ashenzari
Cheibriados
Elyvilon
Okawaru
Zin


Innate Abilities, Weirdness & Mutations

You can walk through water.
Your dull iron-grey scales are very hard. (AC +11)
You cannot fit into any form of body armour.
You can survive without breathing.
You are cold-blooded and may be slowed by cold attacks.


Message History

The gnoll barely misses you. The gnoll closely misses you.
Unknown command.
You fail to use your ability.
The gnoll misses you. The gnoll closely misses you. x2
You can feel time thicken for a moment.
You kill the gnoll!
Cheibriados thoroughly appreciates the change of pace.
You kill the gnoll!
Cheibriados thoroughly appreciates the change of pace.
You kill the gnoll!
Cheibriados appreciates the change of pace.
You kill the gnoll!
Cheibriados appreciates the change of pace.
You feel somewhat more hungry.
Cheibriados lowers the support of your attributes as your movement quickens.
Unknown command.
Unknown command.
You are confused.
You feel invigorated. The ogre hits you with a giant club!!
You die...

....'....'..........)'.#.≈≈≈.
.....#....#...........#.#.≈≈≈.
#######################.#.≈≈≈.
gg.....'.#..)...#.≈≈≈.
g..g...#.#..)...#.≈≈≈.
g...g#)##)###.#.≈≈≈.
..g#.#....#.#.≈≈≈.
######O###....#.#.≈≈≈.
#...)@)..'....#'###≈≈.
##########################...#≈≈.
.........................#...#≈≈.
≈≈≈≈≈≈≈≈≈≈≈≈≈≈≈≈≈≈≈≈≈≈≈≈≈#####≈≈.
≈≈≈≈≈≈≈≈≈≈≈≈≈≈≈≈≈≈≈≈≈≈≈≈≈≈≈≈≈≈≈≈.
≈≈≈≈≈≈≈≈≈≈≈≈≈≈≈≈≈≈≈≈≈≈≈≈≈≈≈≈≈≈≈≈.
....P...........†.†..P...........
..P.............††...........P...
#################################


You could see an ogre and 2 gnolls.

Vanquished Creatures
  A sky beast (D:5)
  A bullfrog skeleton (D:5)
  A hound (D:5)
  A gnoll shaman (D:5)
  A worker ant (D:5)
  2 orc wizards
  A worker ant zombie (D:5)
  26 gnolls (D:5)
  8 adders
  2 oozes
  2 worms
  3 dart slugs
  3 leopard geckos
  15 orcs
  4 giant cockroaches
  6 hobgoblins
  20 jackals
  7 kobolds
  A quokka (D:3)
  A ball python (D:2)
  6 bats
  A frilled lizard (D:3)
  8 goblins
  2 leopard gecko skeletons (D:4)
  8 rats
131 creatures vanquished.

Notes
Turn   | Place    | Note
-------+----------+-------------------------------------------
     0 | D:1      | inmateoo the Draconian Transmuter began the quest for the Orb.
     0 | D:1      | Reached XP level 1. HP: 16/16 MP: 3/3
   134 | D:1      | Reached XP level 2. HP: 19/23 MP: 5/5
   333 | D:1      | You fall through a shaft!
   358 | D:2      | Found a snail-covered altar of Cheibriados.
   367 | D:2      | Became a worshipper of Cheibriados the Contemplative
   587 | D:2      | Found a white marble altar of Elyvilon.
   700 | D:2      | Learned a level 2 spell: Sticks to Snakes
   864 | D:2      | Reached XP level 3. HP: 28/28 MP: 6/6
  1155 | D:1      | Reached * piety under Cheibriados
  1608 | D:3      | Learned a level 3 spell: Spider Form
  1629 | D:3      | Reached XP level 4. HP: 32/36 MP: 7/7
  1957 | D:3      | Found a faded altar of an unknown god.
  1966 | D:3      | Reached ** piety under Cheibriados
  2153 | D:3      | HP: 1/36 [something (10)]
  2186 | D:3      | Reached skill level 4 in Unarmed Combat
  2570 | D:3      | Reached XP level 5. HP: 41/41 MP: 8/8
  2840 | D:4      | Found a shattered altar of Ashenzari.
  2938 | D:4      | Learned a level 1 spell: Corona
  3414 | D:5      | Entered Level 5 of the Dungeon
  3419 | D:5      | Found an iron altar of Okawaru.
  3532 | D:5      | Reached *** piety under Cheibriados
  3587 | D:5      | Reached XP level 6. HP: 48/50 MP: 8/10
  3597 | D:5      | Noticed an angel
  3598 | D:5      | Found a glowing silver altar of Zin.
  3866 | D:5      | Noticed a sky beast
  3884 | D:5      | Killed a sky beast
  4467 | D:5      | Your scales start taking on a dull iron-grey colour.
  4467 | D:5      | Reached XP level 7. HP: 57/57 MP: 11/11
  4467 | D:5      | Gained mutation: You can survive without breathing. [Grey Draconian growth]
  4476 | D:5      | Reached **** piety under Cheibriados
  4476 | D:5      | Reached skill level 5 in Unarmed Combat
  4809 | D:5      | Learned a level 4 spell: Ice Form
  4839 | D:5      | Slain by an ogre

Vault maps used:
D:1:      wheals_arrival_shading
D:2:      elyvilon_altar_4, old_standard_altar
D:3:      chequers_ecumenical_altar_twisty
D:4:      ashenzari_conservatory_becter, first_bread, grunt_ministairs_11
D:5:      lemuel_castle_with_subvaults, zin_angel, okawaru_metal_pillars_1_2,
          uniq_sigmund

Skill      XL: |  1  2  3  4  5  6  7 |
---------------+----------------------+-----
Dodging        | 2 3 |  3.6
Fighting       | 2 3 |  3.5
Unarmed Combat | 4 5 |  5.3
Transmutations | 3 4 |  4.0
Spellcasting   | 3 |  3.5

Action                   |  1- 3 |  4- 6 |  7- 9 || total
-------------------------+-------+-------+-------++-------
Melee: Unarmed           |   142 |   278 |    91 ||   511
       Tailslap          |    15 |    45 |    23 ||    83
       Kick              |     4 |     5 |       ||     9
       Headbutt          |     2 |       |       ||     2
       Punch             |     1 |     4 |     2 ||     7
 Cast: Beastly Appendage |     7 |     1 |       ||     8
       Sticks to Snakes  |       |     2 |       ||     2
       Corona            |       |     1 |       ||     1
Invok: Slouch            |       |       |     1 ||     1
  Use: Scroll            |     8 |       |       ||     8
       Potion            |       |     4 |     1 ||     5
 Stab: Sleeping          |     2 |     1 |     3 ||     6
  Eat: Chunk             |     2 |     5 |     1 ||     8
Armor: Skin              |    47 |    88 |    23 ||   158
Dodge: Dodged            |    87 |   227 |    69 ||   383
